 Dungeon Crawl Stone Soup version 0.24.1 (webtiles) character file.

Game seed: 13756460679271148243, levelgen mode: deterministic

31121 jalmos the Spear-Bearer (level 13, -1/90 HPs)
             Began as an Octopode Fighter on Mar 22, 2020.
             Was a High Priest of Hepliaklqana.
             Hit by a silver javelin thrown by a minotaur (8 damage)
             ... in a Gauntlet on Mar 23, 2020.
             The game lasted 01:34:45 (22807 turns).

jalmos the Spear-Bearer (Octopode Fighter)         Turns: 22807, Time: 01:34:45

Health: -1/90      AC:  1    Str: 15    XL:     13   Next: 56%
Magic:  20/20      EV: 19    Int: 10    God:    Hepliaklqana [*****.]
Gold:   1815       SH:  6    Dex: 15    Spells: 14/22 levels left

rFire    . . .     SeeInvis .   a - +5 spear
rCold    . . .     Gourm    .   D - +0 buckler {reflect}
rNeg     + + .     Faith    .   (helmet restricted)
rPois    .         Spirit   .   G - amulet of the acrobat
rElec    .         Reflect  +   K - ring of flight
rCorr    .         Harm     .   C - ring of positive energy
MR       .....     NoTele   +   i - ring of positive energy
Stlth    ++++++....             h - ring of stealth
HPRegen  0.25/turn              (no ring)
MPRegen  0.17/turn              (no ring)
                                (no ring)
                                (no ring)

@: no status effects
A: almost no armour, stealthy swim, amphibious, 8 rings, constrict 8, reduced
essence, antennae 1, fangs 1, tentacle spike 1, camouflage 1, robust 1, weak 1,
gelatinous body 1
a: Recall Ancestor, Ancestor Identity, Transference, Idealise, Renounce
Religion, Evoke Flight


You were in a Gauntlet.
You worshipped Hepliaklqana.
Hepliaklqana was extremely pleased with you.
You were not hungry.

You visited 3 branches of the dungeon, and saw 19 of its levels.
You also visited: Bailey and Gauntlet.

You collected 1815 gold pieces.

Inventory:

Hand Weapons
 a - a +5 spear (weapon)
 r - a +0 trident
 y - a +1 hand axe of flaming
Missiles
 f - 68 poisoned darts (quivered)
 k - 2 silver javelins
 l - 7 atropa-tipped darts
 P - a throwing net
 Q - 50 boomerangs
 S - 13 javelins
 W - 2 silver boomerangs
Armour
 D - a +0 buckler of reflection (worn)
Magical Staves
 b - an uncursed staff of poison
 s - an uncursed staff of energy
Jewellery
 c - an uncursed amulet of guardian spirit
 h - a ring of stealth (on tentacle)
 i - a ring of positive energy (on tentacle)
 C - a ring of positive energy (right tentacle)
 G - an amulet of the acrobat (around mantle)
 K - a ring of flight (left tentacle)
Wands
 x - a wand of acid (10)
 H - a wand of disintegration (13)
 J - a wand of digging (7)
 R - a wand of enslavement (11)
 U - a wand of flame (17)
 X - a wand of scattershot (4)
Scrolls
 g - 3 scrolls of enchant weapon
 j - 14 scrolls of remove curse
 m - 3 scrolls of teleportation
 n - 2 scrolls of immolation
 p - 3 scrolls of identify
 u - a scroll of fog
 v - 3 scrolls of magic mapping
 Z - a scroll of amnesia
Potions
 e - 4 potions of curing
 o - 4 potions of flight
 q - 7 potions of brilliance
 w - 2 potions of magic
 z - 2 potions of agility
 A - a potion of heal wounds
 B - 4 potions of lignification
 L - 2 potions of haste
 N - 2 potions of mutation
 O - 2 potions of invisibility
 T - a potion of resistance
Miscellaneous
 F - a lamp of fire (inert)
 M - a lamp of fire (inert)
Comestibles
 d - 31 rations


   Skills:
 + Level 9.2 Fighting
 + Level 12.9 Polearms
 - Level 6.0 Throwing
 * Level 8.4 Dodging
 - Level 8.3 Stealth
 - Level 6.6 Shields
 - Level 5.0 Spellcasting
 - Level 5.0 Conjurations
 - Level 3.8 Translocations
 - Level 5.0 Fire Magic
 * Level 1.7 Poison Magic
 * Level 2.4 Invocations
 + Level 1.4 Evocations


You had 14 spell levels left.
You knew the following spells:

 Your Spells              Type           Power        Failure   Level  Hunger
a - Blink                 Tloc           N/A          7%          2    ##.....
b - Conjure Flame         Conj/Fire      ##......     9%          3    ###....
c - Mephitic Cloud        Conj/Pois/Air  #.......     28%         3    ###....

Your spell library contained the following spells:

 Spells                   Type           Power        Failure   Level  Hunger
 Magic Dart               Conj           ##..         3%          1    None
 Throw Frost              Conj/Ice       #.....       12%         2    ##.....
 Beastly Appendage        Tmut           #.....       22%         1    None
 Corona                   Hex            #......      22%         1    None
 Freeze                   Ice            #...         22%         1    None
 Dazzling Spray           Conj/Hex       #.....       24%         3    ###....
 Stone Arrow              Conj/Erth      #.....       24%         3    ###....
 Call Imp                 Summ           #.......     34%         2    ##.....
 Corpse Rot               Necr           N/A          34%         2    ##.....
 Ensorcelled Hibernation  Hex/Ice        #.....       34%         2    ##.....
 Slow                     Hex            #.......     34%         2    ##.....
 Sticks to Snakes         Tmut           #.......     34%         2    ##.....
 Spider Form              Tmut/Pois      #.........   43%         3    ###....
 Confuse                  Hex            #.......     56%         3    ###....
 Ozocubu's Armour         Chrm/Ice       #.......     56%         3    ###....
 Tukima's Dance           Hex            #.......     56%         3    ###....
 Throw Icicle             Conj/Ice       #.......     63%         4    ####...
 Ice Form                 Ice/Tmut       #.......     92%         4    ####...
 Leda's Liquefaction      Hex/Erth       #.........   92%         4    ####...
 Summon Ice Beast         Ice/Summ       #.......     92%         4    ####...
 Summon Forest            Summ/Tloc      #.........   96%         5    ######.
 Blade Hands              Tmut           #.........   99%         5    ######.
 Hydra Form               Tmut           #.........   100%        6    #######
 Summon Hydra             Summ           #.........   100%        7    #######


Dungeon Overview and Level Annotations

Branches:
Dungeon (12/15)            Temple (1/1) D:4            Lair (6/6) D:9
  Snake (0/4) Lair:3       Bailey (visited)         Gauntlet (1/1)
  Swamp: Lair:2-4    Shoals: Lair:2-4     Slime: Lair:5-6       Orc: D:9-12

Altars:
Ashenzari
Cheibriados
Dithmenos
Elyvilon
Fedhas
Gozag
Hepliaklqana
Kikubaaqudgha
Makhleb
Nemelex Xobeh
Okawaru
Qazlal
Ru
Sif Muna
Trog
Uskayaw
Vehumet
Wu Jian
Xom
Yredelemnul
Zin
The Shining One

Shops:
D:7 %   D:8 %   D:9 *

Annotations:
D:7 exclusion: downstairs
D:9 3 runed translucent doors, exclusion: obsidian statue, TrebMcFLY's ghost, novice OpTm
D:10 exclusion: 2 downstairs
D:11 exclusion: 3 downstairs
D:12 Maurice; Sonja
Lair:1 exclusion: downstairs
Lair:2 exclusion: downstairs
Lair:3 exclusion: hydra
Lair:5 exclusions: downstairs and 2 oklob plants Gauntlet 8 transporters


Innate Abilities, Weirdness & Mutations

You cannot wear most types of armour.
You are very stealthy in the water. (Stealth+)
You are amphibious.
You can wear up to eight rings at the same time.
You can use your tentacles to constrict eight enemies at once.
Your skin changes colour to match your surroundings (Stealth+).
Your rubbery body absorbs attacks. (AC +1, EV +1)
Your life essence is reduced to manifest your ancestor. (-10% HP)
You have a pair of small antennae on your head.
You have very sharp teeth.
One of your tentacles bears a spike.
You are robust. (+10% HP)
You are weak. (Str -2)


Message History

The acid corrodes the minotaur!
The minotaur is moderately wounded.
The minotaur throws a silver javelin.
The silver javelin pierces through you!!
The silver sears you!
Your minotaur hits the minotaur but does no damage.
Your minotaur gores the minotaur!
You swap places.
Attack whom?
Press: ? - help, Dir - move target cursor, f/p - minotaur
Aim: a minotaur, wielding a +0 falchion of holy wrath, wearing a +0 plate armour and wearing the ring of Feratwi {rElec MR+ Dex+2} (heavily wounded, covered in acid)
You reach to attack!
You puncture the minotaur!
The minotaur is heavily wounded.
Belanum hits the minotaur with a +0 dagger of draining.
The minotaur throws a silver javelin.
The silver javelin pierces through Belanum.
The silver javelin pierces through you!!
* * * LOW HITPOINT WARNING * * *
The silver sears you!
You die...

# ###
#####################
### #
#.................#
#.♣.♣.©.©.©.©.♣.♣.#
#.................#
#########.#########
#.##### #.....#
#######.# #..@R.#.#
#.###H#.# #.# {#.#
#.# .#.# #.# H#.# #.#
H#.# #.#####.#
#.......# #########


You could see the friendly Belanum the hexer and a minotaur.

Vanquished Creatures
  3 hydras
  An unseen horror (D:9)
  2 orc knights (Bailey)
  2 cyclopes
  An oklob plant (Lair:5)
  A black mamba (Lair:6)
  A centaur skeleton (D:10)
  6 spiny frogs
  5 komodo dragons
  A troll (D:11)
  A tyrant leech (Lair:3)
  17 blink frogs
  5 hippogriffs
  7 spriggans (Lair:1)
  2 flying skulls (Gauntlet)
  4 wyverns
  3 wraiths
  15 yaks
  A hungry ghost (D:7)
  A basilisk (Lair:6)
  2 chaos spawn (Gauntlet)
  2 nagas (Lair:3)
  A soldier ant (D:7)
  3 water moccasins
  5 porcupines
  A black bear (D:7)
  9 orc warriors
  3 phantoms
  2 ice beasts
  5 ogres
  A sky beast (D:9)
  11 centaurs
  7 wolves (Lair:2)
  7 crocodiles
  17 bullfrogs
  A wyvern skeleton (D:11)
  2 scorpions
  A wight (D:11)
  6 killer bees (D:5)
  A howler monkey (D:7)
  A hexer (Lair:1)
  5 crimson imps
  A quasit (D:9)
  4 jellies
  5 hounds
  A bullfrog skeleton (D:10)
  An orc priest (D:11)
  4 orc wizards
  An iguana (D:9)
  Ijyb (D:3)
  3 hell rats (Lair:2)
  8 worker ants
  A killer bee zombie (D:5)
  A hound skeleton (D:9)
  A hound zombie (D:5)
  A worker ant zombie (D:6)
  Robin (D:2)
  16 adders
  A howler monkey skeleton (D:9)
  6 river rats (Lair:2)
  3 shadow imps
  2 adder skeletons (D:7)
  4 worms
  6 leopard geckos
  32 orcs
  8 giant cockroaches
  20 goblins
  8 hobgoblins
  4 jackals (D:1)
  18 kobolds
  5 quokkas
  11 bats
  6 frilled lizards
  A leopard gecko skeleton (D:6)
  A quokka skeleton (D:4)
  2 quokka zombies
  14 rats
  A fungus (Lair:2)
375 creatures vanquished.

Vanquished Creatures (collateral kills)
  3 spiny frogs
  A komodo dragon (Lair:2)
  A troll (D:10)
  A blink frog (Lair:5)
  2 hippogriffs
  2 spriggans (Lair:1)
  2 yaks
  A wyvern (Lair:4)
  A neqoxec (Gauntlet)
  4 water moccasins
  A naga (Lair:3)
  A swamp worm (Lair:3)
  A porcupine (Lair:1)
  2 ice beasts
  A black bear (Lair:3)
  An orc warrior (Bailey)
  2 sky beasts
  3 ogres
  An eye of draining (D:11)
  A phantom (D:7)
  5 centaurs
  3 crocodiles
  4 bullfrogs
  A scorpion (D:5)
  3 wights
  2 crimson imps
  A jelly (D:6)
  A centaur skeleton (D:8)
  An orc wizard (D:7)
  2 hounds (D:6)
  2 worker ants
  5 orcs
  A ball python (D:7)
  A fungus (Lair:1)
64 creatures vanquished.

Vanquished Creatures (others)
  22 hexers
  4 ancestors
  A kobold (Bailey)
  3 fungi
  4 plants (Lair:3)
34 creatures vanquished.

Grand Total: 473 creatures vanquished

Notes
Turn   | Place    | Note
-------+----------+-------------------------------------------
     0 | D:1      | jalmos the Octopode Fighter began the quest for the Orb.
     0 | D:1      | Reached XP level 1. HP: 16/16 MP: 1/1
   318 | D:1      | Reached XP level 2. HP: 19/21 MP: 2/2
   572 | D:1      | Reached XP level 3. HP: 26/26 MP: 3/3
   592 | D:1      | Reached skill level 1 in Stealth
  1244 | D:2      | Reached XP level 4. HP: 31/31 MP: 4/4
  1337 | D:2      | Noticed Robin
  1502 | D:2      | Killed Robin
  1608 | D:2      | Found a hide-covered altar of Uskayaw.
  1611 | D:2      | Reached skill level 3 in Polearms
  1975 | D:2      | Found an opulent altar of Gozag.
  2122 | D:3      | Noticed Ijyb
  2126 | D:3      | Reached XP level 5. HP: 36/36 MP: 5/5
  2138 | D:3      | Killed Ijyb
  2987 | D:4      | Reached skill level 4 in Polearms
  2987 | D:4      | Reached XP level 6. HP: 37/43 MP: 6/6
  3369 | D:4      | Found a staircase to the Ecumenical Temple.
  3384 | Temple   | Entered the Ecumenical Temple
  3605 | Temple   | Became a worshipper of Hepliaklqana the Forgotten
  3952 | D:5      | Entered Level 5 of the Dungeon
  4045 | D:5      | Reached XP level 7. HP: 42/42 MP: 7/7
  4152 | D:5      | Reached skill level 5 in Polearms
  4152 | D:5      | Reached skill level 5 in Stealth
  4716 | D:5      | Found a burning altar of Makhleb.
  4716 | D:5      | Found a blossoming altar of Fedhas.
  4802 | D:5      | Reached skill level 1 in Throwing
  4814 | D:5      | Reached XP level 8. HP: 22/48 MP: 8/8
  4869 | D:5      | Reached skill level 6 in Polearms
  5167 | D:6      | Found a shattered altar of Ashenzari.
  5172 | D:6      | Reached * piety under Hepliaklqana
  5260 | D:6      | Gained mutation: Your magical capacity is low. (-10% MP)
                  | [potion of mutation]
  5260 | D:6      | Gained mutation: You are weak. (Str -2) [potion of
                  | mutation]
  5260 | D:6      | Gained mutation: Scrolls take you a little longer to read.
                  | [potion of mutation]
  5260 | D:6      | Gained mutation: You have a pair of small antennae on your
                  | head. [potion of mutation]
  5261 | D:6      | Lost mutation: Scrolls take you a little longer to read.
                  | [potion of mutation]
  5261 | D:6      | Gained mutation: You have very sharp teeth. [potion of
                  | mutation]
  5261 | D:6      | Gained mutation: You are robust. (+10% HP) [potion of
                  | mutation]
  5261 | D:6      | Gained mutation: One of your tentacles bears a spike.
                  | [potion of mutation]
  5261 | D:6      | Lost mutation: Your magical capacity is low. (-10% MP)
                  | [potion of mutation]
  5362 | D:6      | Reached skill level 5 in Fighting
  5394 | D:6      | Reached skill level 7 in Polearms
  5622 | D:6      | Found a white marble altar of Elyvilon.
  5636 | D:6      | Reached XP level 9. HP: 61/61 MP: 9/9
  5908 | D:7      | Found Boapsed's Food Boutique.
  6272 | D:7      | Reached skill level 5 in Shields
  6444 | D:7      | Noticed a cyclops
  6758 | D:7      | Identified the +9 scythe of the Beast {flame, rElec rC+
                  | Int+4}
  7097 | D:7      | Reached skill level 8 in Polearms
  7196 | D:7      | Found a basalt altar of Yredelemnul.
  7222 | D:7      | Found a sacrificial altar of Ru.
  7557 | D:7      | Killed a cyclops
  7632 | D:8      | Reached ** piety under Hepliaklqana
  7636 | D:8      | Reached skill level 5 in Dodging
  7636 | D:8      | Reached XP level 10. HP: 68/68 MP: 10/10
  7637 | D:8      | Remembered your ancestor Belanum as a hexer
  7670 | D:7      | Reached skill level 9 in Polearms
  7999 | D:8      | Found Jearies's Food Boutique.
  8113 | D:8      | Learned a level 2 spell: Blink
  8169 | D:8      | Found an ornate altar of the Wu Jian Council.
  8363 | D:9      | Found a staircase to the Lair.
  8757 | D:9      | Reached skill level 1 in Translocations
  8787 | D:9      | Reached skill level 1 in Spellcasting
  9428 | D:9      | Found a runed translucent gate.
  9428 | D:9      | Found a runed translucent gate.
  9428 | D:9      | Found a runed translucent gate.
  9430 | D:9      | Found an opulent altar of Gozag.
  9431 | D:9      | Noticed an obsidian statue
  9433 | D:9      | Found Asizosm's Assorted Antiques.
  9433 | D:9      | Noticed TrebMcFLY's ghost (novice OpTm)
  9509 | D:9      | Killed an unseen horror
  9816 | D:9      | Reached skill level 10 in Polearms
  9869 | D:9      | Found a shimmering blue altar of Sif Muna.
 10175 | D:10     | Entered Level 10 of the Dungeon
 10229 | D:10     | Reached XP level 11. HP: 73/74 MP: 14/14
 10964 | D:11     | Reached *** piety under Hepliaklqana
 10994 | D:11     | Reached skill level 5 in Throwing
 11007 | D:11     | Found a flagged portal.
 11098 | Bailey   | Entered a bailey
 11105 | Bailey   | Noticed an orc knight
 11142 | Bailey   | Identified the +0 chain mail of Watriash {rElec MP+9 Str+4
                  | Dex+2}
 11155 | Bailey   | Noticed an orc knight
 11249 | Bailey   | Killed an orc knight
 11436 | Bailey   | Killed an orc knight
 11752 | D:11     | Learned a level 3 spell: Conjure Flame
 12118 | D:11     | Reached skill level 1 in Conjurations
 12570 | D:11     | HP: 3/75 [troll (10)]
 12572 | D:11     | Reached skill level 1 in Fire Magic
 13140 | D:11     | Noticed a cyclops
 13155 | D:11     | Killed a cyclops
 13339 | D:10     | Reached skill level 11 in Polearms
 13798 | D:12     | Noticed a two-headed ogre
 13806 | D:12     | Noticed Sonja
 13986 | D:12     | Noticed Maurice
 14002 | D:11     | Reached XP level 12. HP: 73/81 MP: 16/18
 14243 | Lair:1   | Entered Level 1 of the Lair of Beasts
 17022 | Lair:2   | Reached **** piety under Hepliaklqana
 17132 | Lair:2   | Reached skill level 5 in Spellcasting
 18205 | Lair:3   | Noticed a seven-headed hydra
 18334 | Lair:3   | Reached skill level 12 in Polearms
 18369 | Lair:3   | Reached skill level 5 in Conjurations
 18487 | Lair:3   | Reached XP level 13. HP: 89/89 MP: 20/20
 18982 | Lair:3   | Reached skill level 1 in Evocations
 19113 | Lair:3   | Found a staircase to the Snake Pit.
 19523 | Lair:4   | Reached ***** piety under Hepliaklqana
 19695 | Lair:4   | Reached skill level 5 in Fire Magic
 20335 | Lair:5   | Reached skill level 1 in Invocations
 21780 | Lair:6   | Entered Level 6 of the Lair of Beasts
 21788 | Lair:5   | Learned a level 3 spell: Mephitic Cloud
 21949 | Lair:6   | Reached skill level 1 in Poison Magic
 21984 | Lair:6   | Found a gate leading to a gauntlet.
 21991 | Gauntlet | Entered a Gauntlet
 21991 | Gauntlet | Found a transporter.
 22191 | Gauntlet | Found a transporter.
 22193 | Gauntlet | Found a transporter.
 22202 | Gauntlet | Found a transporter.
 22204 | Gauntlet | Found a transporter.
 22216 | Gauntlet | Found a transporter.
 22234 | Gauntlet | Found a transporter.
 22244 | Gauntlet | Found a transporter.
 22254 | Gauntlet | Found a transporter.
 22274 | Gauntlet | Found a transporter.
 22286 | Gauntlet | Noticed a death ooze
 22289 | Gauntlet | Found a transporter.
 22289 | Gauntlet | Found a transporter.
 22348 | Gauntlet | Found a transporter.
 22349 | Gauntlet | Found a transporter.
 22795 | Gauntlet | Identified the ring of Feratwi {rElec MR+ Dex+2}
 22795 | Gauntlet | Noticed a minotaur
 22807 | Gauntlet | Hit by a silver javelin thrown by a minotaur

Levels and vault maps discovered:
D:1:      onia_arrival_mini_spirals, layout_loops_ring, chequers_mini_garden,
          minmay_misc_feat_doors
D:2:      layout_loops_ring, eat_drink_and_be_merry_uskayaw,
          nicolae_overflow_hidden_temple, first_ration, uniq_robin
D:3:      minmay_inner_zag, layout_basic, minmay_bisected, uniq_ijyb
D:4:      layout_basic, minmay_temple_entry_glassed_door
D:5:      layout_basic, gammafunk_temple_overflow_pools
D:6:      layout_rooms, elyvilon_altar_1, lemuel_round_altar
D:7:      minmay_the_grid_square_5x5_3x3 [minmay_the_grid_square_5x5_minivault,
          minmay_the_grid_square_5x5_inner_v, minmay_the_grid_square_5x5_c,
          minmay_the_grid_square_5x5_three_small,
          minmay_the_grid_square_5x5_megaprize_open,
          minmay_the_grid_square_5x5_doubleslash,
          minmay_the_grid_square_5x5_fancy_junction,
          minmay_the_grid_square_5x5_lines,
          minmay_the_grid_square_5x5_pentomino_r], layout_basic,
          yredelemnul_altar_generic, serial_shops, shop_statue, grunt_ogre_cave,
          nicolae_ru_the_path_less_chosen
D:8:      layout_rooms, basic_altar, serial_shops, nicolae_shop_trees
D:9:      layout_basic, marbit_many_paths, lair_entry_dummy, ebering_ghost_gozag
D:10:     layout_loops_cross
D:11:     layout_roguey, enter_bailey_2, portal_ice_cave_demonic_guard,
          minivault_1
D:12:     layout_basic, david_orc_3, serial_shops, shop, grunt_decor_fettered,
          uniq_maurice, uniq_sonja
Temple:   oiseaux_autumnal_temple
Lair:1:   kb_forest_paths, layout_chaotic_city, minivault_19,
          serial_bayou_crossing
Lair:2:   layout_cave_shapes, kennysheep_abandoned_house,
          infiniplex_staircase_pool
Lair:3:   layout_loops_ring, palyth_hydra_swamp_entry,
          guppyfry_snake_entry_garden, chequers_serial_rivers_small_3,
          serial_bayou_shore_a
Lair:4:   layout_loops_ring, st_stairs_7
Lair:5:   layout_cave_shapes, minmay_slime_entry_oklob_enclosed
Lair:6:   grunt_lair_end_beastmaster, layout_cave_pods, gauntlet_entry_generic
Gauntlet: minmay_gauntlet_77_tree [minmay_gauntlet_arena_77_mess,
          minmay_gauntlet_arena_77_two_lines,
          minmay_gauntlet_arena_77_double_cross,
          minmay_gauntlet_arena_77_terracotta_army,
          minmay_gauntlet_arena_77_squiggly,
          minmay_gauntlet_arena_77_broken_ladder,
          minmay_gauntlet_arena_77_braids, gauntlet_exit_spiral]

Skill      XL: |  1  2  3  4  5  6  7  8  9 10 11 12 13 |
---------------+----------------------------------------+-----
Stealth        | 2 3 4 5 6 8 |  8.3
Polearms       | 3 4 5 7 8 10 11 12 | 12.9
Shields        | 4 5 6 |  6.6
Fighting       | 4 5 6 7 8 9 |  9.2
Throwing       | 1 3 4 6 |  6.0
Dodging        | 4 5 6 7 8 |  8.4
Translocations | 2 3 |  3.8
Spellcasting   | 2 4 5 |  5.0
Conjurations   | 2 5 |  5.0
Fire Magic     | 1 4 5 |  5.0
Evocations     | 1 |  1.4
Invocations    | 2 |  2.4
Poison Magic   | 1 |  1.7

Action                   |  1- 3 |  4- 6 |  7- 9 | 10-12 | 13-15 || total
-------------------------+-------+-------+-------+-------+-------++-------
Melee: Trident           |    77 |    51 |       |   623 |       ||   751
       Constrict         |    19 |    31 |    29 |    80 |    14 ||   173
       Tentacles         |    11 |    22 |    31 |   128 |    22 ||   214
       Spear             |       |   121 |   217 |   182 |   152 ||   672
       Kick              |       |       |    29 |   205 |    34 ||   268
       Bite              |       |       |     7 |    78 |    14 ||    99
Throw: Dart              |       |     8 |    26 |   264 |    54 ||   352
       Boomerang         |       |       |       |    33 |    45 ||    78
 Cast: Conjure Flame     |       |       |       |     5 |     5 ||    10
Invok: Recall Ancestor   |       |     1 |     3 |     3 |     2 ||     9
       Ancestor Life: He |       |       |       |     1 |       ||     1
Evoke: Wand              |       |       |     2 |     3 |     5 ||    10
       Lamp of fire      |       |       |       |       |     1 ||     1
       Box of beasts     |       |       |       |       |     1 ||     1
       Phantom mirror    |       |       |       |       |     1 ||     1
  Use: Potion            |     1 |       |     5 |     3 |     1 ||    10
       Scroll            |       |       |    11 |    18 |     4 ||    33
 Stab: Sleeping          |     8 |    14 |    13 |    27 |     2 ||    64
       Distracted        |       |     1 |     4 |    15 |     4 ||    24
       Confused          |       |       |       |    14 |       ||    14
  Eat: Chunk             |     1 |     8 |    10 |    31 |     5 ||    55
       Ration            |       |       |     1 |     1 |     3 ||     5
Armor: Skin              |     6 |    10 |     2 |     3 |     2 ||    23
Dodge: Dodged            |    33 |    33 |    60 |   267 |    54 ||   447
Block: Shield            |    24 |    48 |    55 |       |       ||   127
       Buckler           |       |       |     4 |    97 |    11 ||   112
       Reflection        |       |       |     1 |    19 |     1 ||    21
